 Dungeon Crawl Stone Soup version 0.32-a0-411-g744942f433 (webtiles) character file.

Game seed: 4040723987256038627

378 ytrimaz the Chopper (level 6, -3/66 HPs)
             Began as a Coglin Gladiator on Feb 21, 2024.
             Slain by Eustachio
             ... wielding a +2 rapier of electrocution
              (15 damage)
             ... on level 4 of the Dungeon.
             The game lasted 00:03:25 (2634 turns).

ytrimaz the Chopper (Coglin Gladiator)              Turns: 2634, Time: 00:03:25

Health: -3/66      AC: 11    Str: 16    XL:     6   Next: 74%
Magic:  6/6        EV: 12    Int:  8    God:
Gold:   14         SH:  0    Dex: 15    Spells: 5/5 levels left

rFire   . . .        a - +0 war axe (protect) {Gaius}
rCold   . . .        g - +2 whip (freeze) {Chisato}
rNeg    . . .        b - +0 leather armour
rPois   .            c - +0 helmet
rElec   .            (no cloak)
rCorr   .            (no gloves)
SInv    .            (no boots)
Will    .....        (no amulet) Stlth
                     (no ring)
HPRegen 0.31/turn    (no ring)
MPRegen 0.10/turn

%: no passive effects
@: berserking, under a protective aura, revved, very quick
A: off-hand wielding, slow wielding, warmup strikes, legs shutdown
a: no special abilities


You were on level 4 of the Dungeon.
You visited 1 branch of the dungeon, and saw 4 of its levels.

You collected 91 gold pieces.
You spent 77 gold pieces at shops.


Innate Abilities, Weirdness & Mutations

You can wield a second weapon in your off-hand.
It takes a long time for you to wield or remove held weapons.
Your first few attacks do less damage.
Attacking and casting redirects power from your legs.


   Skills:
 - Level 2.0 Fighting
 + Level 7.3 Axes
 - Level 1.7 Throwing
 - Level 2.6 Dodging


You had 5 spell levels left.
You didn't know any spells.
Your spell library contained the following spells:

 Spells                   Type           Power      Damage    Failure   Level
 Sandblast                Erth           0%         2d4       47%         1
 Passwall                 Erth           0%         N/A       85%         3
 Stone Arrow              Conj/Erth      0%         3d7       85%         3
 Brom's Barrelling Bould  Conj/Erth      0%         2d3       99%         4

Inventory:

Hand Weapons
 a - a +0 war axe of protection (weapon) {Gaius}
 g - a +2 whip of freezing (offhand) {Chisato}
   (You found it on level 2 of the Dungeon)
Missiles
 d - 3 throwing nets
 e - a javelin (quivered)
Armour
 b - a +0 leather armour (worn)
 c - a +0 helmet (worn)
Wands
 l - a wand of digging (6)
   (You found it on level 4 of the Dungeon)
Scrolls
 f - 2 scrolls of revelation {unknown}
 k - a scroll of immolation {unknown}
 n - a scroll of fear {unknown}
Potions
 h - a potion of berserk rage
 i - 3 potions of might
 j - a potion of cancellation
 m - 2 potions of curing {unknown}
 p - 2 potions of lignification

Dungeon Overview and Level Annotations

Branches:
Dungeon (4/15) Zot: 21329
 Temple: D:4-7

Altars:
Vehumet

Shops:
D:1 :   D:4 !

Annotations:
D:4 Eustachio; Vadun's ghost, novice MDFi

###....... .# #.# ##
......... .# #.## #.
#..##..# .# #..#
##.###..##..# .##..
#......[....# . ....
#............ ..
#.b####++####...#.. ...#
#r@'..∩..>..'..###.
.....#5@####≈≈#####..##.
#.....5b.............[..
........#.....###.....##
.#........$....####...#
................##....#
...........###........#
..........##W##.......##
.........##...##...##..#
........##.....##..###.#


You could see Eustachio, an iron imp (summoned), Vadun's ghost, a river rat
(summoned), an ufetubus (summoned) and 2 bats.


Message History

Eustachio the Magnificent comes into view.
He is wielding a +2 rapier of electrocution and wearing a +1 leather armour of cold resistance.
Eustachio shouts!
Eustachio mumbles some strange words.
Things that are here:
9 gold pieces; a +0 dagger; a goblin corpse Eustachio is nearby!
Okay, then.
No reachable target in view!
Eustachio hits you with a +2 rapier of electrocution. 😕 HP[-5]
You take 5 damage, and now have 39/44 hp.
You closely miss Eustachio with your +0 war axe of protection.
You hit Eustachio with your +2 whip of freezing.
You freeze Eustachio.
Eustachio hits you with a +2 rapier of electrocution!
Unknown command. 😮 HP[-8]
You take 8 damage, and now have 31/44 hp.
You hit Eustachio but do no damage.
You closely miss Eustachio with your +0 war axe of protection.
You hit the river rat but do no damage.
Your weapon exudes an aura of protection.
The river rat closely misses you.
Eustachio mumbles some strange words.
Unknown command.
You slash Eustachio with your +0 war axe of protection!
You hit the bat with your +0 war axe of protection.
You kill the bat!
The bat's corpse disappears in a puff of smoke!
You hit the river rat but do no damage.
You miss Eustachio with your +2 whip of freezing.
The river rat bites you but does no damage.
Eustachio casts a spell.
You miss Eustachio with your +0 war axe of protection.
You hit the river rat with your +0 war axe of protection.
You completely miss the quokka with your +0 war axe of protection.
You hit Eustachio with your +2 whip of freezing.
The quokka barely misses you. The river rat barely misses you.
Eustachio gestures wildly while chanting. 😮 HP[+1] Unknown command.
You hit Eustachio but do no damage.
You closely miss Eustachio with your +0 war axe of protection.
You hit the river rat with your +0 war axe of protection.
You hit the iron imp with your +0 war axe of protection.
You slash the quokka with your +0 war axe of protection!
You kill the quokka!
The quokka's corpse disappears in a puff of smoke!
An ufetubus opens the door.
The river rat barely misses you.
Eustachio hits you with a +2 rapier of electrocution.
You are electrocuted!
* * * LOW HITPOINT WARNING * * *
You closely miss Eustachio with your +2 whip of freezing.
You slash Eustachio with your +0 war axe of protection!
You barely miss the river rat with your +0 war axe of protection.
You barely miss the iron imp with your +0 war axe of protection.
The iron imp hits you.
* * * LOW HITPOINT WARNING * * *
The river rat bites you but does no damage.
The ufetubus misses you. The ufetubus hits you.
* * * LOW HITPOINT WARNING * * *
Eustachio hits you but does no damage. 😱 HP[-24]
You take 24 damage, and now have 8/44 hp.
MASSIVE DAMAGE!! (PAUSE)
You hit Eustachio with your +0 war axe of protection.
You closely miss the ufetubus with your +0 war axe of protection.
You hit the river rat but do no damage.
You barely miss the iron imp with your +0 war axe of protection.
You hit Eustachio but do no damage. The ufetubus slips past you!
The ufetubus barely misses you.
The ufetubus hits you but does no damage.
The iron imp barely misses you.
The river rat bites you but does no damage.
Eustachio hits you but does no damage.
Unknown command.
You hit Eustachio with your +0 war axe of protection.
You hit the river rat but do no damage.
You barely miss the iron imp with your +0 war axe of protection.
You closely miss the ufetubus with your +0 war axe of protection.
You closely miss Eustachio with your +2 whip of freezing.
The ufetubus hits you.
* * * LOW HITPOINT WARNING * * *
The ufetubus barely misses you. The iron imp closely misses you.
The river rat bites you but does no damage.
The ufetubus barely misses you.
The ufetubus hits you but does no damage.
Eustachio mumbles some strange words.
Unknown command.
A red film seems to cover your vision as you go berserk!
You feel yourself moving faster!
You feel mighty!
You are no longer unable to travel.
The bat barely misses you.
The ufetubus hits you but does no damage.
The ufetubus closely misses you.
The river rat bites you but does no damage.
Eustachio hits you but does no damage.
You are electrocuted!
You die...
Eustachio twirls his moustache.

Skill      XL: |  1  2  3  4  5  6 |
---------------+-------------------+-----
Axes           | 4 6 7 |  7.3
Fighting       | |  2.0
Throwing       | |  1.7
Dodging        | |  2.6

Action                     |  1- 3 |  4- 6 || total
---------------------------+-------+-------++-------
  Melee: War axe           |    47 |    73 ||   120
         Whip              |       |    34 ||    34
  Throw: Javelin           |       |     1 ||     1
    Use: Scroll            |     2 |     3 ||     5
         Potion            |       |     4 ||     4
   Stab: Sleeping          |     1 |     1 ||     2
 Armour: Leather armour    |    16 |    60 ||    76
  Dodge: Dodged            |    32 |    53 ||    85

Levels and vault maps discovered:
D:1:      matt_arrival_diagonals, layout_loops_ring,
          dreamdust_ecumenical_altar_angels_and_demons, nicolae_shop_vocational
D:2:      layout_basic, uniq_terence, uniq_sigmund
D:3:      layout_loops_ring, lemuel_doored_altar
D:4:      layout_layer_cave, minmay_temple_entry_antechambers,
          hellmonk_ghost_happy_afterlife, serial_shops,
          nicolae_shop_behind_doors, nicolae_shop_hallway_stairs,
          uniq_eustachio, uniq_ijyb

Notes
Turn   | Place    | Note
-------+----------+-------------------------------------------
     0 | D:1      | ytrimaz the Coglin Gladiator began the quest for the Orb.
     0 | D:1      | Reached XP level 1. HP: 16/16 MP: 1/1
     0 | D:1      | magus.rc [v1.9.6]
    51 | D:1      | Found a faded altar of an unknown god.
   164 | D:1      | Found Zeinu's Vocational Training.
   200 | D:1      | Reached XP level 2. HP: 22/22 MP: 2/2
   770 | D:2      | Reached skill level 4 in Axes
   770 | D:2      | Reached XP level 3. HP: 25/27 MP: 3/3
   927 | D:2      | Noticed Terence
   937 | D:2      | Killed Terence
   938 | D:2      | Reached XP level 4. HP: 24/33 MP: 4/4
   984 | D:2      | You pick up a book of Geomancy and begin reading...
   984 | D:2      | You add the spells Sandblast, Passwall, Stone Arrow and
                  | Brom's Barrelling Boulder to your library.
  1050 | D:2      | Reached skill level 5 in Axes
  1056 | D:2      | HP: 8/33 [kobold/+0 short sword (2)]
  1310 | D:2      | Noticed Sigmund
  1327 | D:2      | HP: 6/33 [something (6)]
  1333 | D:2      | Killed Sigmund
  1334 | D:2      | Reached skill level 6 in Axes
  1334 | D:2      | Reached XP level 5. HP: 38/38 MP: 5/5
  1334 | D:2      | Reached XP level 6. HP: 44/44 MP: 6/6
  2040 | D:3      | Found a radiant altar of Vehumet.
  2093 | D:3      | Reached skill level 7 in Axes
  2583 | D:4      | Found Muoguud's Distillery.
  2597 | D:4      | Bought a potion of lignification for 33 gold pieces
  2597 | D:4      | Bought a potion of might for 44 gold pieces
  2620 | D:4      | Noticed Vadun's ghost (novice MDFi)
  2620 | D:4      | Noticed Eustachio
  2631 | D:4      | HP: 8/44 [ufetubus[Eustachio] (4)]
  2634 | D:4      | Slain by Eustachio

Vanquished Creatures
  Sigmund (D:2)
  A scorpion (D:4)
  Terence (D:2)
  An iguana (D:3)
  2 adders (D:2)
  A dart slug (D:2)
  2 ribbon worms (D:2)
  2 orcs (D:3)
  2 ball pythons (D:1)
  A bat (D:3)
  4 endoplasms
  3 giant cockroaches
  4 hobgoblins
  4 jackals (D:3)
  A quokka (D:2)
  5 frilled lizards
  3 goblins
  5 kobolds (D:2)
  7 rats
50 creatures vanquished.

Table legend:
 A = Non-vault XP
 B = Vault XP
 C = Vault XP percentage of total XP
 D = Non-vault monster count
 E = Vault monster count
 F = Vault count percentage of total count
                 A         B        C        D         E       F
            +---------+---------+-------+---------+---------+-------
      Total |     271 |     269 |  49.8 |      48 |       2 |   4.0
            +---------+---------+-------+---------+---------+-------
        D:1 |      21 |       0 |   0.0 |       8 |       0 |   0.0
        D:2 |      87 |     269 |  75.6 |      23 |       2 |   8.0
        D:3 |      74 |       0 |   0.0 |      14 |       0 |   0.0
        D:4 |      89 |       0 |   0.0 |       3 |       0 |   0.0
            +---------+---------+-------+---------+---------+-------

Skill      XL: |  1  2  3  4  5  6 |
---------------+-------------------+-----
Axes           | 4 6 7 |  7.3
Fighting       | |  2.0
Throwing       | |  1.7
Dodging        | |  2.6

Action                     |  1- 3 |  4- 6 || total
---------------------------+-------+-------++-------
  Melee: War axe           |    47 |    73 ||   120
         Whip              |       |    34 ||    34
  Throw: Javelin           |       |     1 ||     1
    Use: Scroll            |     2 |     3 ||     5
         Potion            |       |     4 ||     4
   Stab: Sleeping          |     1 |     1 ||     2
 Armour: Leather armour    |    16 |    60 ||    76
  Dodge: Dodged            |    32 |    53 ||    85

Illustrated notes

Table legend:
 A = Kills in this place as a percentage of kills in the entire game.
 B = Kills by you in this place as a percentage of kills by you in the entire game.
 C = Kills by friends in this place as a percentage of kills by friends in the entire game.
 D = Other kills in this place as a percentage of other kills in the entire game.
 E = Experience gained in this place as a percentage of experience gained in the entire game.
 F = Experience gained in this place divided by the number of levels of this place that you have seen.
                   A       B       C       D       E      F
               +-------+-------+-------+-------+-------+----------------------
         Total | 100.0 | 100.0 |   N/A |   N/A | 100.0 | 135.0
       Dungeon | 100.0 | 100.0 |   N/A |   N/A | 100.0 | 135.0
               +-------+-------+-------+-------+-------+----------------------

Table legend: (Time is in decaauts)
 A = Elapsed time spent in this place.
 B = Non-inter-level travel time spent in this place.
 C = Inter-level travel time spent in this place.
 D = Time resting spent in this place.
 E = Time spent auto-exploring this place.
 F = Levels seen in this place.
 G = Mean time per level.
                   A        B        C        D        E       F      G
               +--------+--------+--------+--------+--------+-----+--------+
         Total |   2669 |   2631 |     38 |    101 |   2152 |   4 |  667.2 |
       Dungeon |   2669 |   2631 |     38 |    101 |   2152 |   4 |  667.2 |
               +--------+--------+--------+--------+--------+-----+--------+

Top non-repeatable levels by time:
     D:2: 927 daAuts
     D:3: 802 daAuts
     D:1: 721 daAuts
     D:4: 218 daAuts
